Map: Terrasses de Prion

Players

BigDaddyDean - Winner!

  • Race: Zerg Zerg
  • League: Diamond

Worming

  • Race: Zerg Zerg
  • League: Diamond

VOD

Have the link to the VOD?

Description

Time

  • Played on: Nov. 27, 2015, 1:02 p.m.
  • Length: 18:47
Show
View Real Time Build Order
Export as new Build Order

BigDaddyDean Zerg - Winner!

Build Orders: Hatch First 

Get SALT Encoding   

  12  0:01  Drone  
  13  0:08  Drone  
  14  0:17  Overlord  
  14  0:35  Drone x3  
  17  0:48  Drone  
  18  1:01  Drone  
  19  1:07  Hatchery  
  18  1:13  Spawning Pool  
  18  1:16  Drone  
  18  1:21  Drone  
  19  1:33  Drone  
  19  1:39  Overlord  
  20  1:52  Drone  
  21  2:00  Queen, Spine Crawler  
  22  2:02  Drone  
  23  2:13  Drone  
  24  2:19  Queen  
  24  2:20  Drone  
  24  2:22  Drone  
  28  2:29  Drone  
  29  2:34  Drone  
  29  2:36  Queen  
  32  2:48  Drone x2  
  34  2:56  Hatchery  
  34  2:57  Queen  
  35  3:04  Drone  
  36  3:05  Overlord  
  36  3:06  Overlord  
  36  3:09  Overlord  
  36  3:23  Queen  
  38  3:27  Drone  
  38  3:28  Drone x5  
  38  3:30  Drone  
  38  3:31  Drone  
  46  3:35  Extractor x2  
  46  3:36  Drone  
  45  3:41  Queen  
  47  3:49  Spine Crawler  
  46  4:00  Evolution Chamber  
  45  4:35  Lair  
  45  4:38  Drone  
  45  4:39  Drone x13  
  59  4:46  Drone  
  59  4:50  Overlord  
  60  5:12  Extractor x2  
  57  5:27  Metabolic Boost  
  57  5:34  Spire  
  46  6:09  Drone x3  
  46  6:10  Drone x4  
  46  6:11  Drone x10  
  55  6:32  Drone x3  
  58  6:37  Hatchery  
  58  6:39  Infestation Pit  
  56  6:52  Zergling x2  
  56  6:53  Zergling x16  
  65  6:55  Evolution Chamber  
  65  6:56  Mutalisk  
  65  6:57  Mutalisk x2  
  65  6:59  Spine Crawler  
  65  7:00  Spine Crawler  
  68  7:03  Mutalisk  
  68  7:04  Overlord, Mutalisk  
  68  7:05  Mutalisk  
  74  7:13  Evolution Chamber  
  73  7:18  Hive  
  68  7:38  Zerg Melee Weapons Level 1, Zerg Ground Armor Level 1  
  64  7:45  Drone x2  
  64  7:46  Drone  
  64  7:48  Drone  
  68  7:55  Drone  
  68  7:56  Drone x2  
  71  7:59  Hatchery  
  70  8:15  Drone x9  
  79  8:30  Extractor  
  78  8:38  Adrenal Glands  
  78  8:39  Ultralisk Cavern  
  78  8:40  Extractor  
  76  8:45  Drone x2  
  76  8:46  Drone  
  79  8:50  Drone  
  79  8:51  Drone x2  
  82  8:56  Hatchery  
  82  8:57  Overlord x2  
  81  9:08  Overlord x2  
  79  9:29  Chitinous Plating  
  79  9:42  Ultralisk  
  79  9:43  Ultralisk x3  
  103  9:48  Zerg Ground Armor Level 2  
  103  9:53  Zergling x6  
  79  10:22  Ultralisk x2  
  90  10:43  Hatchery  
  90  11:03  Hatchery  
  90  11:04  Ultralisk x2  
  95  11:08  Zerg Melee Weapons Level 2  
  101  11:31  Ultralisk  
  107  11:51  Zergling x4  
  107  11:52  Zergling x10  
  108  12:01  Zergling x2  
  108  12:02  Zergling x16  
  108  12:03  Zergling x4  
  105  12:14  Hatchery  
  104  12:22  Zerg Ground Armor Level 3  
  104  12:24  Zergling x2  
  104  12:25  Zergling x2  
  97  12:41  Mutalisk x4  
  88  13:03  Mutalisk  
  88  13:04  Mutalisk x3  
  90  13:18  Mutalisk  
  92  13:23  Drone  
  92  13:24  Drone x2  
  95  13:27  Drone  
  95  13:28  Drone x3  
  99  13:43  Mutalisk  
  99  13:44  Mutalisk  
  103  14:07  Mutalisk  
  103  14:08  Mutalisk x2  
  109  14:15  Hatchery  
  106  14:28  Mutalisk  
  106  14:29  Mutalisk x2  
  112  14:38  Zerg Flyer Armor Level 1  
  112  14:40  Zerg Melee Weapons Level 3  
  112  14:54  Overlord x3  
  112  14:55  Overlord  
  102  15:27  Mutalisk x8  
  112  15:34  Zergling x2  
  112  15:35  Zergling x14  
  120  16:01  Ultralisk  
  120  16:02  Ultralisk x2  
  128  16:15  Ultralisk  
  128  16:32  Drone x3, Extractor  
  130  16:33  Extractor  
  130  16:34  Drone x3  
  130  16:35  Drone x9  
  139  16:53  Zergling x6  
  140  17:20  Hatchery  
  133  17:37  Corruptor  
  133  17:40  Overlord x4  
  135  18:02  Hatchery  
  135  18:03  Extractor x2  
  132  18:11  Drone x3  
  132  18:12  Drone x2  
  136  18:13  Drone  
Show
View Real Time Build Order
Export as new Build Order

Worming Zerg 

Build Orders: Pool First, Zergling Baneling 

Get SALT Encoding   

  12  0:01  Drone  
  13  0:10  Drone  
  14  0:20  Drone, Extractor  
  14  0:21  Drone, Extractor  
  16  0:35  Spawning Pool  
  15  0:46  Overlord  
  15  1:03  Hatchery  
  14  1:06  Drone  
  14  1:10  Drone  
  16  1:15  Drone, Extractor  
  16  1:24  Zergling x2  
  17  1:29  Queen  
  19  1:41  Drone x2  
  21  1:54  Overlord  
  21  2:01  Drone  
  22  2:12  Queen  
  24  2:16  Drone x2  
  26  2:23  Drone  
  27  2:30  Metabolic Boost  
  27  2:36  Extractor  
  26  2:39  Drone x6  
  31  2:44  Baneling Nest  
  30  2:52  Overlord  
  30  3:06  Overlord  
  30  3:07  Zergling x6  
  30  3:12  Zergling x2  
  34  3:27  Zergling x8  
  34  3:34  Zergling x4  
  40  3:43  Zergling x2  
  40  3:44  Zergling x2  
  40  3:48  Baneling  
  42  3:52  Overlord  
  42  3:54  Zergling x8  
  46  3:56  Baneling x8  
  46  3:59  Drone  
  47  4:07  Drone  
  47  4:08  Drone x2  
  42  4:31  Drone x10  
  47  4:49  Lair, Extractor  
  47  4:51  Evolution Chamber  
  47  4:52  Evolution Chamber  
  45  5:01  Hatchery  
  45  5:05  Roach Warren  
  42  5:20  Zergling x22  
  53  5:22  Baneling  
  53  5:23  Baneling  
  53  5:24  Baneling x2  
  53  5:26  Baneling  
  53  5:29  Zerg Missile Weapons Level 1  
  53  5:34  Zerg Ground Armor Level 1  
  53  5:44  Overlord  
  41  6:20  Glial Reconstitution  
  41  6:21  Roach x7  
  41  6:22  Roach x6  
  66  6:36  Extractor  
  65  6:40  Extractor  
  65  6:45  Spore Crawler  
  65  6:46  Spore Crawler  
  62  6:48  Queen x2, Spore Crawler  
  62  6:50  Drone x3  
  62  6:51  Drone  
  62  6:52  Drone  
  70  6:55  Drone  
  71  7:02  Drone x2  
  71  7:03  Drone  
  74  7:10  Overseer  
  72  7:40  Overlord x4  
  68  7:46  Spore Crawler  
  68  7:48  Spore Crawler  
  64  7:51  Overlord  
  64  7:52  Overlord x2  
  64  7:53  Pneumatized Carapace  
  60  7:59  Spore Crawler  
  60  8:00  Drone x3  
  60  8:01  Drone x3, Hydralisk Den  
  64  8:11  Spore Crawler  
  63  8:16  Zerg Missile Weapons Level 2  
  63  8:18  Drone x4  
  63  8:19  Drone x4  
  71  8:22  Drone x3  
  74  8:29  Zerg Ground Armor Level 2  
  74  8:35  Extractor  
  74  8:36  Extractor  
  72  8:42  Hydralisk  
  72  8:43  Muscular Augments, Hydralisk x2  
  78  8:51  Drone  
  78  8:52  Drone x4  
  78  8:53  Drone, Hydralisk  
  86  9:04  Zergling x2  
  86  9:07  Hydralisk x2  
  91  9:15  Hydralisk  
  91  9:16  Hydralisk x6  
  104  9:39  Spore Crawler  
  104  9:41  Roach  
  104  9:43  Overlord x3  
  104  9:56  Roach  
  104  10:14  Roach x8  
  104  10:15  Roach  
  112  10:38  Roach x5, Spire  
  112  10:39  Overlord x8  
  121  10:45  Hatchery  
  121  10:46  Overseer  
  114  11:03  Zergling x2  
  115  11:04  Zergling x2  
  115  11:05  Zergling x4, Overlord  
  115  11:06  Zergling x4  
  115  11:07  Zergling x2  
  121  11:13  Infestation Pit  
  112  11:25  Hydralisk  
  112  11:26  Roach x7, Hydralisk x7  
  140  11:51  Roach x7  
  153  11:56  Zerg Flyer Weapons Level 1  
  151  12:04  Mutalisk x8  
  121  12:16  Roach x3  
  115  12:42  Roach x7  
  115  12:43  Roach x3  
  105  13:01  Roach x9  
  108  13:25  Hive  
  108  13:40  Hatchery  
  103  13:54  Queen x2  
  103  13:55  Drone x3, Hatchery  
  109  13:59  Mutalisk  
  109  14:00  Mutalisk x6  
  122  14:37  Corruptor x5  
  132  14:52  Drone x8  
  140  14:58  Zergling x2  
  141  15:04  Greater Spire  
  119  15:35  Corruptor x9  
  137  15:46  Burrow  
  122  16:03  Drone x8  
  111  16:19  Brood Lord  
  111  16:20  Brood Lord x3  
  111  16:25  Roach x4  
  123  16:31  Spine Crawler  
  121  16:33  Spine Crawler x2  
  119  16:45  Hatchery  
  118  16:52  Zergling x2  
  105  17:29  Corruptor x4  
  99  17:30  Zergling x4  
  99  17:31  Zergling x14  
  99  17:35  Zergling x2  
  116  18:09  Corruptor x2, Hydralisk  
Tags
 
Add a new tag
Caveats
  • Supply blocks, unpowered buildings, or Contaminate may cause inaccurate times.
  • Supply counts are checked every 10 seconds.